 Dungeon Crawl Stone Soup version 0.30-a0-439-g9e77e4d916 (webtiles) character file.

Game seed: 9135925461122679058

227 cforsyth the Trooper (level 5, -6/72 HPs)
             Began as a Minotaur Berserker on Dec 10, 2022.
             Was a Priest of Trog.
             Mangled by a bullfrog (7 damage)
             ... in a sewer.
             The game lasted 00:03:36 (2456 turns).

cforsyth the Trooper (Minotaur Berserker)           Turns: 2456, Time: 00:03:37

Health: -6/72      AC:  3    Str: 23    XL:     5   Next: 70%
Magic:  4/4        EV:  9    Int:  4    God:    Trog [***...]
Gold:   158        SH:  0    Dex: 10    Spells: 4/4 levels left

rFire   . . .      SeeInvis .    m - +0 war axe
rCold   . . .      Faith    .    (no shield)
rNeg    . . .      Spirit   .    b - +0 animal skin
rPois   .          Reflect  .    (helmet restricted)
rElec   .          Harm     .    (no cloak)
rCorr   .          Rampage  .    l - +0 pair of gloves
Will    .....                    (no boots)
Stlth   ..........               (no amulet)
HPRegen 0.32/turn                (no ring)
MPRegen 0.09/turn                (no ring)

@: berserking (expiring), lethally poisoned (-6 -> -9), constricted, slow
A: horns 2, retaliatory headbutt
a: Renounce Religion, Berserk, Trog's Hand


You were in a sewer.
You worshipped Trog.
Trog was most pleased with you.
You visited 1 branch of the dungeon, and saw 3 of its levels.
You also visited: Sewer.

You collected 158 gold pieces.

Inventory:

Hand Weapons
 a - a +0 hand axe
 m - a +0 war axe (weapon)
Armour
 b - a +0 animal skin (worn)
 l - a +0 pair of gloves (worn)
Wands
 j - a wand of mindburst (9)
Scrolls
 d - a scroll of blinking {unknown}
 e - 3 scrolls of identify {unknown}
 f - a scroll of enchant armour {unknown}
 g - a scroll of acquirement {unknown}
 h - a scroll of butterflies {unknown}
 i - a scroll of magic mapping {unknown}
 k - a scroll of amnesia {unknown}
 o - a scroll of teleportation {unknown}
Potions
 c - 3 potions of heal wounds {unknown}
 n - 3 potions of cancellation {unknown}
 p - a potion of resistance {unknown}
 q - a potion of haste {unknown}
 r - a potion of mutation {unknown}


   Skills:
 + Level 5.0 Fighting
 + Level 4.9 Axes
 + Level 4.1 Armour
 + Level 3.8 Dodging


You had 4 spell levels left.
You didn't know any spells.
Your spell library was empty.

Dungeon Overview and Level Annotations

Branches:
Dungeon (3/15)              Sewer (1/1)

Altars:
Hepliaklqana

Shops:
D:1 *   D:3 [=(


Innate Abilities, Weirdness & Mutations

You have a pair of horns on your head.
You reflexively headbutt those who attack you in melee.


Message History

Your unstable footing causes you to fumble your attack.
The ball python bites you.
* * * LOW HITPOINT WARNING * * *
The ball python constricts you. The bullfrog barely misses you.
The adder bites you.
* * * LOW HITPOINT WARNING * * *
The adder bites you but does no damage.
The ball python bites you but does no damage.
The ball python barely misses you.
Unknown command.
Unknown command.
Your unstable footing causes you to fumble your attack.
The ball python barely misses you. The ball python constricts you.
* * * LOW HITPOINT WARNING * * *
The bullfrog hits you but does no damage.
The adder barely misses you. The adder bites you.
* * * LOW HITPOINT WARNING * * *
You are poisoned.
The adder poisons you!
The ball python bites you but does no damage.
The ball python bites you.
* * * LOW HITPOINT WARNING * * *
The ball python bites you but does no damage.
The ball python constricts you.
Unknown command.
Your unstable footing causes you to fumble your attack.
* * * LOW HITPOINT WARNING * * *
You feel sick. The bullfrog barely misses you. You furiously retaliate!
You headbutt the bullfrog! The adder barely misses you.
You furiously retaliate!
You headbutt the adder!
You kill the adder!
Trog accepts your kill. The adder bites you but does no damage.
The ball python bites you.
* * * LOW HITPOINT WARNING * * *
The ball python bites you.
* * * LOW HITPOINT WARNING * * *
The ball python completely misses you. The ball python constricts you.
* * * LOW HITPOINT WARNING * * *
The bullfrog hits you!
You die...

######################
###.#~~≈≈≈~≈≈≈≈≈≈≈≈~....
#...~≈≈~~~≈~..~#≈~≈~....
....~~~≈~~~≈~~≈SF≈~~....
.....~~~~~~≈≈≈~†@SJ#...
.†..~~≈~~≈≈≈≈≈≈≈SS~~....
....#≈≈≈≈≈≈≈≈≈≈≈≈≈~≈#...
...################## #+
.†#### ..#..# ..'..#
.##### ..##


You could see a bullfrog, an adder, an endoplasm and 3 ball pythons.

Vanquished Creatures
  A bullfrog (Sewer)
  6 adders
  4 river rats (Sewer)
  2 dart slugs (D:1)
  2 orcs (D:3)
  12 ball pythons
  An endoplasm (Sewer)
  4 giant cockroaches
  5 goblins
  2 hobgoblins (D:2)
  5 quokkas
  9 bats
  4 frilled lizards
  4 kobolds
  29 rats
90 creatures vanquished.

Notes
Turn   | Place    | Note
-------+----------+-------------------------------------------
     0 | D:1      | cforsyth the Minotaur Berserker began the quest for the
                  | Orb.
     0 | D:1      | Reached XP level 1. HP: 19/19 MP: 0/0
   111 | D:1      | Reached XP level 2. HP: 17/27 MP: 1/1
   212 | D:1      | Found Hoid's General Store.
   430 | D:1      | Reached skill level 4 in Fighting
  1024 | D:2      | Reached XP level 3. HP: 32/33 MP: 2/2
  1151 | D:2      | Found a hazy altar of Hepliaklqana.
  1159 | D:2      | Reached ** piety under Trog
  1393 | D:2      | Found a faded altar of an unknown god.
  1875 | D:3      | Found Tuarun's Jewellery Emporium.
  1880 | D:3      | Found Plog's Antique Armour Boutique.
  1926 | D:3      | Found Acvun's Weapon Shop.
  1956 | D:3      | Found a glowing drain.
  1968 | D:3      | Reached XP level 4. HP: 19/41 MP: 3/3
  1971 | Sewer    | Entered a sewer
  2148 | Sewer    | Reached *** piety under Trog
  2342 | Sewer    | Reached XP level 5. HP: 45/47 MP: 4/4
  2452 | Sewer    | Reached skill level 5 in Fighting
  2456 | Sewer    | HP: 3/72 [ball python (2)]
  2456 | Sewer    | HP: 1/72 [constriction (1)]
  2456 | Sewer    | Mangled by a bullfrog

Illustrated notes

Levels and vault maps discovered:
D:1:      scummos_arrival_simple_crosswalls, layout_basic, serial_shops, shop
D:2:      layout_loops_ring, basic_altar, hellmonk_ecumenical_altar_lost_god,
          kennysheep_donut
D:3:      layout_basic, serial_shops, shop_statue,
          nicolae_shop_temple_entry_statues_fountains, shop_statue,
          nicolae_diamond_shop, shop_statue, portal_sewer_entry_f,
          skrybe_limestone_x
Sewer:    sewer_minmay_w

Skill      XL: |  1  2  3  4  5 |
---------------+----------------+-----
Fighting       | 4 5 |  5.0
Axes           | 4 |  4.9
Armour         | 3 4 |  4.1
Dodging        | 3 |  3.8

Action                   |  1- 3 |  4- 6 || total
-------------------------+-------+-------++-------
Melee: Hand axe          |    81 |       ||    81
       Headbutt          |    10 |     5 ||    15
       Punch             |     1 |       ||     1
       War axe           |    18 |    50 ||    68
Invok: Berserk           |       |     1 ||     1
Armor: Animal skin       |    17 |    34 ||    51
Dodge: Dodged            |    67 |    83 ||   150

Table legend: (Time is in decaauts)
 A = Elapsed time spent in this place.
 B = Non-inter-level travel time spent in this place.
 C = Inter-level travel time spent in this place.
 D = Time resting spent in this place.
 E = Time spent auto-exploring this place.
 F = Levels seen in this place.
 G = Mean time per level.
                   A        B        C        D        E       F      G
               +--------+--------+--------+--------+--------+-----+--------+
         Total |   2519 |   2452 |     67 |    164 |   1812 |   4 |  629.8 |
       Dungeon |   1986 |   1919 |     67 |      0 |   1576 |   3 |  662.0 |
         Sewer |    533 |    533 |      0 |    164 |    236 |   1 |  533.0 |
               +--------+--------+--------+--------+--------+-----+--------+

Top non-repeatable levels by time:
     D:1: 981 daAuts
     D:2: 898 daAuts
   Sewer: 533 daAuts
     D:3: 105 daAuts
